 Dungeon Crawl Stone Soup version 0.27-a0-1202-ge72e49191c (webtiles) character file.

Game seed: 697651507314437443

111 Strat the Conjurer (level 4, -1/27 HPs)
             Began as a Tengu Wanderer on June 4, 2021.
             Slain by an orc
             ... wielding a +0 mace
              (4 damage)
             ... on level 3 of the Dungeon.
             The game lasted 00:10:38 (4467 turns).

Strat the Conjurer (Tengu Wanderer)                 Turns: 4467, Time: 00:10:40

Health: -1/27      AC:  3    Str:  9    XL:     4   Next: 92%
Magic:  2/8        EV: 10    Int: 16    God:
Gold:   183        SH:  0    Dex: 20    Spells: 2/7 levels left

rFire    . . .     SeeInvis .   b - +3 flail (vorpal)
rCold    . . .     Faith    .   (no shield)
rNeg     . . .     Spirit   .   h - +0 leather armour
rPois    .         Reflect  .   (helmet restricted)
rElec    .         Harm     .   (no cloak)
rCorr    .         Rampage  .   (no gloves)
Will     .....                  (boots unavailable)
Stlth    +.........             (no amulet)
HPRegen  0.09/turn              j - +6 ring of dexterity
MPRegen  0.11/turn              (no ring)

@: very slightly contaminated
A: beak, talons 3
a: no special abilities


You were on level 3 of the Dungeon.
You visited 1 branch of the dungeon, and saw 4 of its levels.

You collected 183 gold pieces.

Inventory:

Hand Weapons
 a - a +0 short sword
 b - a +3 vorpal flail (weapon)
 n - a +0 dagger
Missiles
 e - 5 javelins
 f - 22 poisoned darts
 o - 54 stones
 p - 35 arrows
Armour
 d - a +0 robe
 h - a +0 leather armour (worn)
Jewellery
 j - a +6 ring of dexterity (left hand)
Wands
 i - a wand of paralysis (4)
Scrolls
 g - a scroll of teleportation
 k - 3 scrolls of identify
 l - a scroll of noise
Potions
 c - 5 potions of lignification
 m - a potion of resistance
 s - a potion of haste


   Skills:
 + Level 2.4 Fighting
 - Level 1.1 Bows
 - Level 1.0 Throwing
 - Level 1.1 Armour
 - Level 1.0 Shields
 - Level 2.0 Spellcasting
 + Level 4.3 Conjurations
 + Level 1.5 Summonings
 - Level 2.1 Fire Magic
 - Level 1.0 Ice Magic


You had 2 spell levels left.
You knew the following spells:

 Your Spells              Type           Power      Damage    Failure   Level
a - Magic Dart            Conj           60%        1d6       4%          1
b - Static Discharge      Conj/Air       8%         N/A       17%         2
c - Call Imp              Summ           6%         N/A       22%         2

Your spell library contained the following spells:

 Spells                   Type           Power      Damage    Failure   Level
 Blink                    Tloc           N/A        N/A       38%         2
 Corpse Rot               Necr/Air       N/A        N/A       38%         2
 Slow                     Hex            1%         N/A       38%         2
 Conjure Flame            Conj/Fire      12%        6-21      22%         3
 Mephitic Cloud           Conj/Pois/Air  6%         N/A       43%         3


Dungeon Overview and Level Annotations

Branches:
Dungeon (4/15)
 Temple: D:4-7

Altars:
Zin

Shops:
D:1 [   D:2 *


Innate Abilities, Weirdness & Mutations

You have a beak for a mouth.
You have claws for feet.


Message History

Casting: Call Imp (safe; 22% risk of failure)
Confirm with . or Enter, or press ? or * to list all spells.
Aiming: Magic Dart (safe; 4% risk of failure)
Press: ? - help, Shift-Dir - straight line, f - orc
Aim: an orc, wielding a +0 mace (100% to hit)
The magic dart hits the orc.
The orc is moderately wounded.
The orc barely misses you. The orc hits you but does no damage.
Your crimson imp blinks!
Casting: Magic Dart (safe; 4% risk of failure)
Confirm with . or Enter, or press ? or * to list all spells.
Aiming: Magic Dart (safe; 4% risk of failure)
Press: ? - help, Shift-Dir - straight line, f/p - orc
Aim: an orc, wielding a +0 mace (moderately wounded, 100% to hit)
You miscast Magic Dart.
You are very lightly contaminated with residual magic.
Nothing appears to happen.
The orc hits you with a +0 mace.
* * * LOW HITPOINT WARNING * * *
The orc hits you with a +0 mace.
* * * LOW HITPOINT WARNING * * *
Your crimson imp blinks!
Casting: Magic Dart (safe; 4% risk of failure)
Confirm with . or Enter, or press ? or * to list all spells.
Aiming: Magic Dart (safe; 4% risk of failure)
Press: ? - help, Shift-Dir - straight line, f/p - orc
Aim: an orc, wielding a +0 mace (lightly wounded, 100% to hit)
The magic dart hits the orc.
The orc is severely wounded.
* * * LOW MAGIC WARNING * * *
The orc barely misses you. The orc closely misses you.
Your crimson imp hits the orc.
Casting: Magic Dart (safe; 4% risk of failure)
Confirm with . or Enter, or press ? or * to list all spells.
Aiming: Magic Dart (safe; 4% risk of failure)
Press: ? - help, Shift-Dir - straight line, f/p - orc
Aim: an orc, wielding a +0 mace (severely wounded, 100% to hit)
You miscast Magic Dart.
Nothing appears to happen.
* * * LOW MAGIC WARNING * * *
The orc closely misses you. The orc hits you with a +0 mace.
You die...

## #. #. #. #.
#####################.
#...o@o5..............
###.################..##
#...##....# ######.##
#.####.##.# #...##...
#.####.##.# ####.#.##...
#.##...##.# #....#..'...
#.##.####.# #.#######...
#.##....#.###.# #...
#.#####.#.....# #...


You could see 2 orcs and a friendly crimson imp (summoned).

Vanquished Creatures
  2 adders
  A worm (D:2)
  2 dart slugs
  10 orcs (D:3)
  5 bats
  6 endoplasms
  3 giant cockroaches
  6 hobgoblins
  4 jackals
  3 quokkas
  3 ball pythons
  5 frilled lizards
  8 goblins
  2 jackal skeletons (D:2)
  6 kobolds
  4 rats
70 creatures vanquished.

Vanquished Creatures (others)
  8 plants (D:4)
  A withered plant (D:2)
9 creatures vanquished.

Grand Total: 79 creatures vanquished

Notes
Turn   | Place    | Note
-------+----------+-------------------------------------------
     0 | D:1      | Strat the Tengu Wanderer began the quest for the Orb.
     0 | D:1      | Strat set off with the following items: a +0 dagger, a
                  | potion of lignification, a +0 robe; and the following spell
                  | memorised: Magic Dart; and the following spells available
                  | to memorise: Blink, Call Imp, Corpse Rot, Slow, Static
                  | Discharge, Conjure Flame, Mephitic Cloud
     0 | D:1      | Reached XP level 1. HP: 12/12 MP: 4/4
   104 | D:1      | Reached skill level 1 in Conjurations
   390 | D:1      | Found a faded altar of an unknown god.
   393 | D:1      | Reached skill level 2 in Conjurations
   393 | D:1      | Reached XP level 2. HP: 16/16 MP: 3/6
   424 | D:1      | Learned a level 2 spell: Static Discharge
   875 | D:1      | Reached skill level 3 in Conjurations
   905 | D:1      | Found Nuckeih's Antique Armour Emporium.
  1269 | D:2      | Found Jaiwin's Assorted Antiques.
  1386 | D:2      | Reached XP level 3. HP: 19/20 MP: 4/7
  2451 | D:2      | Reached XP level 4. HP: 26/26 MP: 6/8
  2472 | D:2      | Learned a level 2 spell: Call Imp
  2737 | D:3      | Reached skill level 4 in Conjurations
  3282 | D:3      | Reached skill level 1 in Summonings
  3557 | D:3      | Found a glowing silver altar of Zin.
  4467 | D:3      | Slain by an orc

Illustrated notes

Levels and vault maps discovered:
D:1:      dpeg_arrival_connections, layout_basic, serial_shops,
          nicolae_shop_temple_entry_statues_fountains,
          hellmonk_ecumenical_altar_run_dry
D:2:      kennysheep_six_static_rooms, layout_basic, serial_shops, shop,
          serial_undead, serial_undead_b, serial_undead_a, serial_undead_b,
          serial_undead_f
D:3:      layout_basic, old_standard_altar, chequers_serial_rivers_room_a
D:4:      layout_gridville, minmay_lizard_king

Skill      XL: |  1  2  3  4 |
---------------+-------------+-----
Conjurations   | 2 3 4 |  4.3
Fighting       | 2 |  2.4
Summonings     | 1 |  1.5
Bows           | |  1.1
Throwing       | |  1.0
Armour         | |  1.1
Shields        | |  1.0
Spellcasting   | |  2.0
Fire Magic     | |  2.1
Ice Magic      | |  1.0

Action                   |  1- 3 |  4- 6 || total
-------------------------+-------+-------++-------
Melee: Dagger            |    11 |       ||    11
       Peck              |     1 |     1 ||     2
       Kick              |     1 |     1 ||     2
       Flail             |       |     6 ||     6
 Cast: Magic Dart        |   112 |    72 ||   184
       Static Discharge  |     1 |       ||     1
       Call Imp          |       |     2 ||     2
  Use: Scroll            |       |     6 ||     6
 Stab: Distracted        |       |     1 ||     1
       Sleeping          |       |     1 ||     1
Armor: Robe              |     9 |       ||     9
       Leather armour    |       |     2 ||     2
Dodge: Dodged            |    20 |    16 ||    36

Table legend: (Time is in decaauts)
 A = Elapsed time spent in this place.
 B = Non-inter-level travel time spent in this place.
 C = Inter-level travel time spent in this place.
 D = Time resting spent in this place.
 E = Time spent auto-exploring this place.
 F = Levels seen in this place.
 G = Mean time per level.
                   A        B        C        D        E       F      G
               +--------+--------+--------+--------+--------+-----+--------+
         Total |   4473 |   4198 |    275 |   1493 |   2003 |   4 | 1118.2 |
       Dungeon |   4473 |   4198 |    275 |   1493 |   2003 |   4 | 1118.2 |
               +--------+--------+--------+--------+--------+-----+--------+

Top non-repeatable levels by time:
     D:3: 1683 daAuts
     D:2: 1535 daAuts
     D:1: 1164 daAuts
     D:4: 90 daAuts
